 Dungeon Crawl Stone Soup version 0.22-a0-419-g492bfec (webtiles) character file.

4743 dududu the Grappler (level 10, -22/98 HPs)
             Began as a Troll Fighter on May 15, 2018.
             Was a Priest of Elyvilon.
             Annihilated by a two-headed ogre
             ... wielding a +0 giant club
              (30 damage)
             ... on level 8 of the Dungeon.
             The game lasted 00:27:08 (7765 turns).

dududu the Grappler (Troll Fighter)                 Turns: 7765, Time: 00:27:08

Health: -22/98     AC:  6    Str: 26    XL:     10   Next: 22%
Magic:  9/13       EV:  9    Int:  6    God:    Elyvilon [***...]
Gold:   688        SH: 10    Dex: 12    Spells: 9/9 levels left

rFire    . . .     SeeInvis .     - Unarmed
rCold    . . .     Gourm    +   n - +0 shield
rNeg     . . .     Faith    .   a - +0 robe
rPois    .         Spirit   .   (helmet restricted)
rElec    .         Reflect  .   m - +0 cloak
rCorr    .         Harm     .   (gloves unavailable)
MR       .....                  (boots unavailable)
Stlth    +.........             (no amulet)
HPRegen  0.66/turn              D - +2 ring of intelligence
MPRegen  0.13/turn              I - ring of wizardry

@: protection
A: large, unfitting armour, claws 3, fast metabolism 3, gourmand, regeneration
1, shaggy fur 1, tough skin 2
a: Lesser Healing, Heal Other, Purification, Divine Protection, Renounce
Religion


You were on level 8 of the Dungeon.
You worshipped Elyvilon.
Elyvilon was most pleased with you.
You were not hungry.

You visited 1 branch of the dungeon, and saw 8 of its levels.
You also visited: Sewer and Ossuary.

You collected 688 gold pieces.

Inventory:

Hand Weapons
 b - a +6 hunting sling
 K - a +3 scimitar of flaming
Missiles
 k - 182 stones (quivered)
 p - 61 sling bullets
 x - 33 poisoned needles
Armour
 a - a +0 robe (worn)
 m - a +0 cloak (worn)
 n - a +0 shield (worn)
Jewellery
 C - an uncursed ring of ice
 D - a +2 ring of intelligence (left claw)
 I - a ring of wizardry (right claw)
Wands
 y - a wand of iceblast (16)
 F - a wand of polymorph (7)
 J - a wand of scattershot (3)
Scrolls
 e - a scroll of magic mapping {unknown}
 f - 2 scrolls of fog {unknown}
 g - 10 scrolls of teleportation
 j - 2 scrolls of amnesia
 r - a scroll of remove curse
 v - a scroll of noise {unknown}
 z - a scroll of blinking {unknown}
 H - a scroll of enchant armour {unknown}
Potions
 c - 2 potions of might
 h - 2 potions of invisibility
 i - 2 potions of cancellation
 l - a potion of brilliance
 o - 2 potions of ambrosia {unknown}
 q - 2 potions of mutation {unknown}
 s - 5 potions of curing
 t - 6 potions of flight
 u - 3 potions of heal wounds
 w - a potion of agility
 A - a potion of haste {unknown}
 B - 2 potions of resistance {unknown}
 E - a potion of magic {unknown}
Comestibles
 d - 14 rations


   Skills:
 + Level 6.2 Fighting
 - Level 2.4 Dodging
 + Level 6.2 Shields
 * Level 10.0 Unarmed Combat
 + Level 5.3 Invocations


You had 9 spell levels left.
You didn't know any spells.
Your spell library was empty.

Dungeon Overview and Level Annotations

Branches:
Dungeon (8/15)             Temple (0/1) D:7
   Lair: D:8-11

Altars:
Nemelex Xobeh
Yredelemnul
The Shining One

Shops:
D:8 :

Annotations:
D:6 1 runed door


Innate Abilities, Weirdness & Mutations

You are too large for most types of armour.
You have claws for hands.
Your metabolism is lightning-fast.
You like to eat raw meat.
Your natural rate of healing is unusually fast.
You are covered in fur. (AC +1)
You have very tough skin. (AC +2)


Message History

The two-headed ogre hits you with a giant club!
The two-headed ogre hits you with a giant club!!
* * * LOW HITPOINT WARNING * * *
Press: ? - help, Dir - move target cursor, f - two-headed ogre Heal: a two-headed ogre, wielding two giant clubs (heavily wounded)
The light of Elyvilon almost touches upon the two-headed ogre.
You feel quite a bit more hungry.
Press: ? - help, Dir - move target cursor, f/p - two-headed ogre Heal: a two-headed ogre, wielding two giant clubs (heavily wounded)
The light of Elyvilon fails to reach the two-headed ogre.
You feel quite a bit more hungry.
The two-headed ogre hits you with a giant club!!
* * * LOW HITPOINT WARNING * * *
The two-headed ogre hits you but does no damage.
Unknown command.
You beseech Elyvilon to protect your life.
The two-headed ogre hits you with a giant club.
* * * LOW HITPOINT WARNING * * *
The two-headed ogre hits you with a giant club!!
You die...

...........#
...........####
.............#
#...........#
###...........#
#..............
.?............#
#.####### #.O@....#
#######.# #.#.###
#####.....#
........#.#
........#.#
.......<#.##
........#..#
#######.##.#########


You could see a two-headed ogre.

Vanquished Creatures
  Erica (D:8)
  A two-headed ogre (D:6)
  Pikel (D:6)
  The ghost of dstrtnsr the Ruffian, an amateur TrFi (D:4)
  Eustachio (D:5)
  A steam dragon (D:8)
  2 hungry ghosts
  Edmund (D:6)
  An ice beast (D:7)
  A sky beast (D:6)
  2 ogres
  A phantom (D:7)
  A centaur (D:7)
  A big kobold (Sewer)
  A bullfrog (D:6)
  4 scorpions
  3 killer bees (D:8)
  2 howler monkeys
  3 crimson imps
  A centaur zombie (D:6)
  A human zombie (D:6)
  A hound (D:5)
  2 orc priests
  A centaur skeleton (D:7)
  4 orc wizards
  A bullfrog skeleton (D:6)
  3 worker ants
  A hound zombie (D:8)
  8 mummies (Ossuary)
  Robin (D:3)
  11 gnolls
  A howler monkey skeleton (D:6)
  9 adders
  2 river rats
  2 shadow imps
  An ooze (D:5)
  An adder zombie (D:3)
  An adder skeleton (D:3)
  5 worms
  2 dart slugs (D:1)
  3 leopard geckos
  16 orcs
  2 ball pythons
  10 giant cockroaches
  2 gnoll zombies (Ossuary)
  17 goblins
  11 hobgoblins
  8 jackals
  7 kobolds
  3 quokkas
  A ball python skeleton (D:3)
  10 bats
  5 frilled lizards
  A giant cockroach zombie (D:3)
  2 kobold zombies (Ossuary)
  A leopard gecko skeleton (D:3)
  4 orc zombies (Ossuary)
  4 quokka skeletons
  10 rats
205 creatures vanquished.

Notes
Turn   | Place    | Note
-------+----------+-------------------------------------------
     0 | D:1      | dududu the Troll Fighter began the quest for the Orb.
     0 | D:1      | Reached XP level 1. HP: 22/22 MP: 0/0
   114 | D:1      | Reached XP level 2. HP: 29/29 MP: 1/1
   496 | D:1      | Reached XP level 3. HP: 36/36 MP: 2/2
   764 | D:1      | Reached skill level 3 in Unarmed Combat
   960 | D:2      | Reached XP level 4. HP: 35/44 MP: 3/3
  1337 | D:2      | Found a sparkling altar of Nemelex Xobeh.
  1833 | D:3      | Reached XP level 5. HP: 53/53 MP: 4/4
  1845 | D:3      | Reached skill level 4 in Unarmed Combat
  1989 | D:3      | Noticed Robin
  2079 | D:3      | Killed Robin
  2832 | D:3      | Found a glowing golden altar of the Shining One.
  2860 | D:4      | Noticed dstrtnsr's ghost (amateur TrFi)
  3003 | D:4      | Reached XP level 6. HP: 61/61 MP: 5/5
  3011 | D:4      | Found a glowing drain.
  3038 | Sewer    | Entered a sewer
  3113 | Sewer    | Reached skill level 5 in Unarmed Combat
  3147 | Sewer    | Found a white marble altar of Elyvilon.
  3156 | Sewer    | Became a worshipper of Elyvilon the Healer
  3535 | D:4      | Reached * piety under Elyvilon
  3745 | D:4      | Killed dstrtnsr's ghost
  3745 | D:4      | Reached skill level 1 in Invocations
  3745 | D:4      | Reached XP level 7. HP: 23/70 MP: 5/7
  4372 | D:5      | Entered Level 5 of the Dungeon
  4397 | D:5      | Found a glowing golden altar of the Shining One.
  4468 | D:5      | Found a basalt altar of Yredelemnul.
  4621 | D:5      | Noticed a hungry ghost
  4630 | D:5      | Killed a hungry ghost
  4630 | D:5      | Reached skill level 6 in Unarmed Combat
  4679 | D:5      | Noticed Eustachio
  4697 | D:5      | Killed Eustachio
  4716 | D:5      | Reached XP level 8. HP: 26/79 MP: 8/8
  4958 | D:5      | Reached ** piety under Elyvilon
  5323 | D:6      | Reached skill level 7 in Unarmed Combat
  5433 | D:6      | Found a sand-covered staircase.
  5517 | Ossuary  | Entered an ossuary
  5852 | D:6      | Reached skill level 5 in Fighting
  5852 | D:6      | Reached skill level 5 in Shields
  5910 | D:6      | Found a runed door.
  5928 | D:6      | Noticed Pikel
  5947 | D:6      | Killed Pikel
  5947 | D:6      | Reached skill level 8 in Unarmed Combat
  5947 | D:6      | Reached XP level 9. HP: 57/88 MP: 10/10
  6190 | D:6      | Noticed Edmund
  6190 | D:6      | Noticed a two-headed ogre
  6209 | D:6      | Killed a two-headed ogre
  6209 | D:6      | Reached skill level 9 in Unarmed Combat
  6212 | D:6      | Killed Edmund
  6331 | D:7      | Reached *** piety under Elyvilon
  6833 | D:7      | Found a staircase to the Ecumenical Temple.
  7101 | D:8      | Noticed Erica
  7183 | D:8      | Reached skill level 5 in Invocations
  7186 | D:8      | Reached **** piety under Elyvilon
  7188 | D:8      | Found Jinnet's Book Shoppe.
  7254 | D:8      | Killed Erica
  7254 | D:8      | Reached XP level 10. HP: 30/98 MP: 8/12
  7572 | D:8      | Reached skill level 10 in Unarmed Combat
  7756 | D:8      | Noticed a two-headed ogre
  7765 | D:8      | Annihilated by a two-headed ogre

Vault maps used:
D:1:      minmay_arrival_stair_chambers, hangedman_decor_opposing
D:2:      cheibrodos_pilgrimage, lemuel_round_altar
D:3:      serial_undead, serial_undead_f, serial_undead_e, serial_undead_c,
          serial_undead_e, lemuel_statue_altar, uniq_robin
D:4:      cheibrodos_sewer_entry_sluice
D:5:      tso_oasis_becter, kennysheep_mini, first_ration, minmay_small_thing,
          uniq_eustachio
D:6:      enter_ossuary_3, uniq_crazy_yiuf_cottage, uniq_pikel, uniq_edmund
D:7:      minmay_temple_entry_nine_rooms
D:8:      cheibrodos_quashed, special_room, serial_shops,
          nicolae_shop_temple_entry_statues_fountains, uniq_erica
Sewer:    sewer_kobolds
Ossuary:  ossuary_tomb_3

Skill      XL: |  1  2  3  4  5  6  7  8  9 10 |
---------------+-------------------------------+-----
Unarmed Combat | 3 4 5 6 8 9 10 | 10.0
Fighting       | 3 4 5 6 |  6.2
Shields        | 3 4 5 6 |  6.2
Invocations    | 1 2 3 5 |  5.3
Dodging        | |  2.4

Action                   |  1- 3 |  4- 6 |  7- 9 | 10-12 || total
-------------------------+-------+-------+-------+-------++-------
Melee: Unarmed           |    88 |   102 |   227 |    43 ||   460
 Fire: Hunting sling     |       |   140 |   178 |       ||   318
Throw: Stone             |       |     3 |     2 |       ||     5
Invok: Heal Other        |       |       |     2 |     2 ||     4
       Divine Protection |       |       |       |     1 ||     1
Evoke: Wand              |       |       |     8 |     1 ||     9
  Use: Scroll            |       |    10 |     4 |     1 ||    15
       Potion            |       |     1 |       |       ||     1
 Stab: Sleeping          |     1 |       |       |       ||     1
  Eat: Chunk             |     7 |    31 |    38 |       ||    76
       Ration            |       |       |     1 |       ||     1
Armor: Robe              |    37 |    25 |    69 |     7 ||   138
Dodge: Dodged            |    26 |    29 |    68 |    11 ||   134
Block: Shield            |    35 |    48 |    83 |    23 ||   189

Table legend:
 A = Spawn XP
 B = Non-spawn XP
 C = Spawn XP percentage of total XP
 D = Spawn monster count
 E = Non-spawn monster count
 F = Spawn count percentage of total count
 G = Total turns spent on level
                    A         B        C        D         E        F      G
               +---------+---------+-------+---------+---------+-------+---------
         Total |       0 |    6776 |   0.0 |       0 |     205 |   0.0 |  7765
               +---------+---------+-------+---------+---------+-------+---------
           D:1 |       0 |      68 |   0.0 |       0 |      31 |   0.0 |   946
           D:2 |       0 |     123 |   0.0 |       0 |      20 |   0.0 |   784
           D:3 |       0 |     177 |   0.0 |       0 |      41 |   0.0 |  1169
           D:4 |       0 |     464 |   0.0 |       0 |      10 |   0.0 |  1266
           D:5 |       0 |     660 |   0.0 |       0 |      19 |   0.0 |   896
           D:6 |       0 |    2736 |   0.0 |       0 |      32 |   0.0 |   772
           D:7 |       0 |     743 |   0.0 |       0 |      12 |   0.0 |   722
           D:8 |       0 |    1533 |   0.0 |       0 |      15 |   0.0 |   712
         Sewer |       0 |     122 |   0.0 |       0 |       9 |   0.0 |   207
       Ossuary |       0 |     150 |   0.0 |       0 |      16 |   0.0 |   291
               +---------+---------+-------+---------+---------+-------+---------
